 Dungeon Crawl Stone Soup version 0.29.1-13-g9f3cf754e1 (webtiles) character file.

Game seed: 11829175546043036173

14224 javelincjr the Thaumaturge (level 11, -2/83 HPs)
             Began as a Yellow Draconian Air Elementalist on Jan 26, 2023.
             Was a Priest of Sif Muna.
             Shot with a bolt by a tengu warrior (13 damage)
             ... on level 10 of the Dungeon.
             The game lasted 01:22:40 (16093 turns).

javelincjr the Thaumaturge (DrAE)                  Turns: 16093, Time: 01:22:41

Health: -2/83      AC: 12    Str: 11    XL:     11   Next: 85%
Magic:  15/25      EV: 13    Int: 23    God:    Sif Muna [***...]
Gold:   832        SH:  5    Dex: 11    Spells: 16/31 levels left

rFire   + . .      SeeInvis .   u - +6 quarterstaff (protect)
rCold   . . .      Faith    .   (shield currently unavailable)
rNeg    . . .      Spirit   .   (body armour unavailable)
rPois   .          Reflect  +   (helmet restricted)
rElec   +          Harm     .   v - +2 cloak
rCorr   +          Rampage  .   (no gloves)
Will    .....                   s - +1 pair of boots
Stlth   +++.......              D - amulet of reflection
HPRegen 0.23/turn               d - ring of Pinoont {rElec Will- rCorr Int+3}
MPRegen 0.19/turn               p - ring of protection from fire

@: no status effects
A: spit acid, AC +7, unfitting armour, cold-blooded, acid resistance, stinger 1
a: Breathe Acid, Renounce Religion, Channel Magic, Forget Spell


You were on level 10 of the Dungeon.
You worshipped Sif Muna.
Sif Muna was most pleased with you.
You visited 2 branches of the dungeon, and saw 13 of its levels.

You collected 920 gold pieces.
You spent 88 gold pieces at shops.

Inventory:

Hand Weapons
 j - a +2 dagger of freezing
 o - a +2 whip of electrocution
 u - a +6 quarterstaff of protection (weapon)
 x - a +0 short sword of holy wrath
Armour
 i - a +0 buckler
 s - a +1 pair of boots (worn)
 v - a +2 cloak (worn)
Jewellery
 d - the ring of Pinoont (left hand) {rElec Will- rCorr Int+3}
   (You found it on level 10 of the Dungeon)

   [ring of resist corrosion]

   Int:       It affects your intelligence (+3).
   rElec:     It insulates you from electricity.
   rCorr:     It protects you from acid and corrosion.
   Will:      It decreases your willpower.
 k - a +6 ring of dexterity
 p - a ring of protection from fire (right hand)
 q - a ring of poison resistance
 D - an amulet of reflection (around neck)
 F - a ring of willpower
 H - a ring of protection from cold
 N - a ring of fire
Wands
 e - a wand of iceblast (10)
 t - a wand of flame (52)
 w - a wand of charming (13)
 J - a wand of acid (3)
Scrolls
 g - 4 scrolls of butterflies
 l - 2 scrolls of teleportation
 r - 3 scrolls of magic mapping
 y - a scroll of amnesia
 C - a scroll of poison
 G - a scroll of fear
 L - a scroll of summoning
Potions
 a - 2 potions of magic
 c - a potion of haste
 f - 2 potions of ambrosia
 n - a potion of brilliance
 z - a potion of cancellation {unknown}
 A - a potion of flight
 E - 2 potions of curing
 I - 4 potions of invisibility {unknown}
 K - a potion of might
Miscellaneous
 b - a lightning rod (4/4)


   Skills:
 + Level 3.6 Fighting
 + Level 0.8(4.0) Maces & Flails
 + Level 6.3(6.4) Staves
 + Level 4.2 Dodging
 + Level 4.6 Stealth
 + Level 0.3 Shields
 + Level 10.6 Spellcasting
 + Level 7.4 Conjurations
 + Level 10.5 Air Magic
 + Level 0.4 Evocations


You had 16 spell levels left.
You knew the following spells:

 Your Spells              Type           Power      Damage    Failure   Level
a - Shock                 Conj/Air       100%       1d9       1%          1
b - Static Discharge      Conj/Air       52%        3-10/arc  1%          2
c - Swiftness             Air            57%        N/A       1%          3
d - Airstrike             Air            28%        2d(5-21)  1%          4
e - Lightning Bolt        Conj/Air       26%        1d42      3%          5

Your spell library contained the following spells:

 Spells                   Type           Power      Damage    Failure   Level
 Slow                     Hex            48%        N/A       5%          1
 Summon Small Mammal      Summ           48%        N/A       5%          1
 Confusing Touch          Hex            12%        N/A       16%         3
 Gell's Gravitas          Tloc           12%        N/A       16%         3
 Lesser Beckoning         Tloc           12%        N/A       16%         3
 Portal Projectile        Hex/Tloc       24%        N/A       16%         3
 Teleport Other           Tloc           12%        N/A       16%         3
 Tukima's Dance           Hex            12%        N/A       16%         3
 Vampiric Draining        Necr           12%        2d6       16%         3
 Blade Hands              Tmut           6%         N/A       83%         5
 Maxwell's Capacitive Co  Air            28%        ∞         99%         8
 Malign Gateway           Summ/Tloc      6%         N/A       100%        7
 Chain Lightning          Conj/Air       26%        3d34      100%        9
 Dragon's Call            Summ           6%         N/A       100%        9
 Fire Storm               Conj/Fire      14%        8d4       100%        9
 Shatter                  Erth           6%         3d9*      100%        9


Dungeon Overview and Level Annotations

Branches:
Dungeon (12/15)            Temple (1/1) D:6            Lair (0/5) D:9
    Orc: D:9-12

Altars:
Ashenzari
Cheibriados
Dithmenos
Elyvilon
Fedhas
Gozag
Hepliaklqana
Kikubaaqudgha
Makhleb
Nemelex Xobeh
Okawaru
Qazlal
Ru
Sif Muna
Trog
Uskayaw
Vehumet
Wu Jian
Xom
Yredelemnul
Zin
The Shining One

Shops:
D:4 !*

Annotations:
D:10 4 runed translucent doors


Innate Abilities, Weirdness & Mutations

You can spit globs of acid.
Your golden yellow scales are hard. (AC +7)
You cannot fit into any form of body armour.
You are cold-blooded and may be slowed by cold attacks.
You are resistant to acid. (rCorr)
Your tail ends in a venomous barb.


Message History

Things that are here:
a +0 halberd; a +0 plate armour A tengu warrior is nearby!
Casting: Lightning Bolt (dangerous; 3% risk of failure)
Confirm with . or Enter, or press ? or * to list all spells.
You can't see any susceptible monsters within range! (Use Z to cast anyway.)
Casting: Lightning Bolt (dangerous; 3% risk of failure)
Confirm with . or Enter, or press ? or * to list all spells.
Aiming: Shock (safe; 1% risk of failure)
Press: ? - help, Shift-Dir - straight line, f - tengu warrior
Aim: a tengu warrior, wielding a +0 great sword and wearing a +0 ring mail (wandering, hasn't noticed you, 54% to hit)
The zap misses the tengu warrior.
The tengu warrior shouts!
The tengu warrior unwields a +0 great sword.
The tengu warrior wields a +0 arbalest.
The tengu warrior shoots a bolt.
The bolt hits you!!
The tengu warrior shoots a bolt.
You reflect the bolt off an invisible shield around you!
The bolt barely misses the tengu warrior.
There is a stone staircase leading down here.
Casting: Shock (safe; 1% risk of failure)
Confirm with . or Enter, or press ? or * to list all spells.
Aiming: Lightning Bolt (dangerous; 3% risk of failure)
Press: ? - help, Shift-Dir - straight line, f/p - tengu warrior
Aim: a tengu warrior, wielding a +0 arbalest and wearing a +0 ring mail (40% to hit)
You hear a mighty clap of thunder!
The bolt of lightning misses the tengu warrior.
You hear a shout!
You hear a horrible gurgling sound!
The tengu warrior shoots a bolt.
The bolt hits you!!
Casting: Lightning Bolt (dangerous; 3% risk of failure)
Confirm with . or Enter, or press ? or * to list all spells.
Aiming: Lightning Bolt (dangerous; 3% risk of failure)
Press: ? - help, Shift-Dir - straight line, f/p - tengu warrior
Aim: a tengu warrior, wielding a +0 arbalest and wearing a +0 ring mail (40% to hit)
You hear a mighty clap of thunder!
The bolt of lightning misses the tengu warrior.
The tengu warrior shoots a bolt.
The bolt hits you!!
* * * LOW HITPOINT WARNING * * *
The tengu warrior shoots a bolt.
The bolt hits you!
You die...

.##.#.##.#)#.#
.##.##.#.#.#.##
#####...##.#..#
#'###.....##
#####.....##...#### ###
8$|8##..#.......#.###.##
.?..8#..#.........#....###
....u+....>...#.<........#
....(+......).#.@........#
....8#..........#>.......#
8=$8##.......##)........##
#####..#...........#.####
................######
.........##....#####
..............Q#...##
...#................#
>.......#..........##


You could see a tengu warrior.

Vanquished Creatures
  A boulder beetle (D:11)
  2 two-headed ogres
  Lodul (D:10)
  An ugly thing (D:10)
  An elephant (D:9)
  A tengu conjurer (D:10)
  2 kobold demonologists
  4 trolls
  The ghost of croobank the Ducker, a novice FeTm (D:6)
  Sigmund (D:6)
  2 wyverns
  A basilisk (D:9)
  20 yaks
  Menkaure (D:5)
  2 steam dragons
  An acid dragon (D:10)
  3 water moccasins
  4 black bears
  2 ice beasts
  8 orc warriors
  5 centaurs
  6 ogres (D:10)
  2 phantoms
  2 kobold brigands
  A gnoll sergeant (D:6)
  4 scorpions
  3 necrophages
  7 bullfrogs
  14 killer bees
  3 howler monkeys
  6 hounds
  Crazy Yiuf (D:2)
  6 orc priests
  3 iguanas
  9 orc wizards
  12 adders
  3 gnolls (D:6)
  A shadow imp (D:6)
  4 white imps
  2 ufetubi
  A worm (D:5)
  2 dart slugs
  26 orcs
  7 ball pythons
  5 bats
  8 endoplasms
  2 giant cockroaches (D:1)
  8 goblins
  10 hobgoblins
  3 jackals
  2 quokkas (D:2)
  2 frilled lizards
  11 kobolds
  8 rats
248 creatures vanquished.

Vanquished Creatures (others)
  A plant (D:9)
1 creature vanquished.

Grand Total: 249 creatures vanquished

Notes
Turn   | Place    | Note
-------+----------+-------------------------------------------
     0 | D:1      | javelincjr the Draconian Air Elementalist began the quest
                  | for the Orb.
     0 | D:1      | Reached XP level 1. HP: 14/14 MP: 3/3
   372 | D:1      | Reached XP level 2. HP: 15/20 MP: 0/5
  1691 | D:2      | Reached XP level 3. HP: 26/26 MP: 6/6
  2146 | D:2      | Found a runed translucent door.
  2150 | D:2      | Learned a level 2 spell: Static Discharge
  2154 | D:2      | Learned a level 3 spell: Swiftness
  2254 | D:2      | Noticed Crazy Yiuf
  2267 | D:2      | Killed Crazy Yiuf
  2268 | D:2      | Reached XP level 4. HP: 13/34 MP: 1/8
  2895 | D:3      | Reached skill level 1 in Fighting
  3421 | D:3      | Reached XP level 5. HP: 39/40 MP: 3/9
  3983 | D:4      | Found Toydis's Distillery.
  3991 | D:4      | Bought a potion of curing for 33 gold pieces
  3991 | D:4      | Bought a potion of heal wounds for 55 gold pieces
  4154 | D:4      | Gained mutation: You are clumsy. (Dex -2) [potion of
                  | mutation]
  4154 | D:4      | Gained mutation: Your body sometimes deteriorates upon
                  | taking damage. [potion of mutation]
  4154 | D:4      | Gained mutation: You expend magic power (3 MP) to
                  | strengthen your wands. [potion of mutation]
  4206 | D:4      | Noticed a black bear
  4220 | D:4      | Killed a black bear
  4221 | D:4      | Reached skill level 1 in Staves
  4221 | D:4      | Reached XP level 6. HP: 24/47 MP: 0/11
  4410 | D:4      | Found Buopee's General Store.
  4517 | D:4      | Found a broken altar of Ashenzari.
  4542 | D:5      | Entered Level 5 of the Dungeon
  4589 | D:5      | Noticed Menkaure
  4896 | D:5      | Killed Menkaure
  4897 | D:5      | Your scales start taking on a golden yellow colour.
  4897 | D:5      | Reached XP level 7. HP: 50/53 MP: 5/13
  4897 | D:5      | Gained mutation: You are resistant to acid. (rCorr) [Yellow
                  | Draconian growth]
  5002 | D:5      | Found a white marble altar of Elyvilon.
  5245 | D:5      | Got the Parchment of the Commander
  6240 | D:6      | Reached XP level 8. HP: 61/61 MP: 15/15
  6368 | D:6      | Found a runed translucent door.
  6370 | D:6      | Noticed croobank's ghost (novice FeTm)
  6381 | D:6      | Killed croobank's ghost
  6382 | D:6      | Reached skill level 5 in Spellcasting
  6500 | D:6      | Reached skill level 5 in Air Magic
  6649 | D:6      | Found a sacrificial altar of Ru.
  6802 | D:6      | Noticed Sigmund
  6816 | D:6      | Killed Sigmund
  7004 | D:6      | Learned a level 4 spell: Airstrike
  7029 | D:6      | Noticed a two-headed ogre
  7107 | D:6      | Reached XP level 9. HP: 58/69 MP: 0/17
  7165 | D:6      | Reached skill level 5 in Staves
  7239 | D:6      | Killed a two-headed ogre
  7240 | D:6      | Reached skill level 5 in Conjurations
  7715 | D:6      | Found a staircase to the Ecumenical Temple.
  7724 | Temple   | Entered the Ecumenical Temple
  7789 | Temple   | Became a worshipper of Sif Muna the Loreminder
  8761 | D:7      | Lost mutation: You are clumsy. (Dex -2) [potion of
                  | mutation]
  8761 | D:7      | Lost mutation: You expend magic power (3 MP) to strengthen
                  | your wands. [potion of mutation]
  8761 | D:7      | Lost mutation: Your body sometimes deteriorates upon taking
                  | damage. [potion of mutation]
  8761 | D:7      | Gained mutation: Your tail ends in a venomous barb. [potion
                  | of mutation]
  8962 | D:7      | Reached XP level 10. HP: 74/77 MP: 8/20
  9170 | D:8      | Found a blossoming altar of Fedhas.
  9171 | D:8      | Found a burning altar of Makhleb.
  9175 | D:8      | Reached * piety under Sif Muna
 10343 | D:8      | Found a glowing golden altar of the Shining One.
 10817 | D:9      | Found a staircase to the Lair.
 10818 | D:9      | Noticed an elephant
 10826 | D:9      | Killed an elephant
 11660 | D:9      | Reached ** piety under Sif Muna
 11735 | D:9      | Found a glowing silver altar of Zin.
 12038 | D:9      | Learned a level 5 spell: Lightning Bolt
 12102 | D:10     | Entered Level 10 of the Dungeon
 12102 | D:10     | You fall into a shaft and drop 2 floors!
 12157 | D:11     | Noticed a two-headed ogre
 12313 | D:11     | Noticed a boulder beetle
 12399 | D:11     | Killed a boulder beetle
 12400 | D:11     | Reached XP level 11. HP: 35/82 MP: 5/23
 12819 | D:10     | Noticed Lodul
 13044 | D:10     | Noticed a sixfirhy
 13696 | D:10     | Identified the +0 leather armour of the Pirate {Str+6 Dex-4
                  | Stlth+}
 13758 | D:10     | Killed Lodul
 13974 | D:10     | Reached skill level 10 in Air Magic
 14664 | D:10     | Noticed a two-headed ogre
 14665 | D:10     | Found a large runed translucent door.
 14665 | D:10     | Noticed a green ugly thing
 14666 | D:10     | Found a large runed translucent door.
 14673 | D:10     | Killed a two-headed ogre
 14674 | D:10     | Reached skill level 10 in Spellcasting
 14674 | D:10     | Noticed a green ugly thing
 14893 | D:10     | Killed a green ugly thing
 15235 | D:10     | Noticed a tengu warrior
 15329 | D:10     | Found a large runed translucent door.
 15691 | D:10     | Found a large runed translucent door.
 15820 | D:10     | Identified the ring of Pinoont {rElec Will- rCorr Int+3}
 15895 | D:10     | Reached *** piety under Sif Muna
 16093 | D:10     | Shot with a bolt by a tengu warrior

Illustrated notes

Levels and vault maps discovered:
D:1:      dpeg_arrival_pits, layout_basic, st_stairs_4, minmay_heptomino_h4
D:2:      layout_rooms, uniq_crazy_yiuf_cottage
D:3:      minmay_bubble_buster, layout_rooms
D:4:      layout_rooms, kennysheep_mini_moat, serial_shops, shop, shop
D:5:      layout_basic, nicolae_overflow_crystal_walls, st_stairs_9,
          uniq_menkaure
D:6:      minmay_clustersquares, layout_basic, amcnicky_altar_gilded,
          minmay_temple_entry_crystal_x, ebering_ghost_sewer_d, chequers_jeans,
          uniq_sigmund
D:7:      layout_basic, grunt_ministairs_7
D:8:      layout_loops_cross, nicolae_tso_carved_into_rock,
          chequers_temple_overflow_statue_of_worship
D:9:      layout_loops_ring, zin_scriptorium, david_lair_generic
D:10:     layout_cave_pools, minivault_1, minmay_misc_feat_secret_circle,
          minmay_hollow_rounded_squares, uniq_lodul
D:11:     layout_basic, minmay_orc_entry_temple_large, serial_co_window_serial,
          co_window_of_opportunity_a, co_window_paths_a,
          co_window_of_opportunity_a, co_window_paths_a, co_window_paths_a,
          co_window_corner_ca, co_window_broadway_a, co_window_corner_b,
          co_window_paths_c, co_window_unsneaky_path_c, co_window_paths_d,
          co_window_paths_e, glass_columns_b, glass_columns_c, glass_columns_c,
          glass_columns_c, glass_columns_a
D:12:     minmay_isolated_rectangles_in_corner, layout_loops_ring,
          gammafunk_ghost_abyssal_escape, special_room [special_room_orc],
          serial_shops, nicolae_shop_bloodbath_and_beyond,
          lightli_church_of_beogh
Temple:   nicolae_temple_superstar

Skill      XL: |  1  2  3  4  5  6  7  8  9 10 11 |
---------------+----------------------------------+-----
Dodging        | 2 3 4 |  4.2
Stealth        | 2 3 4 |  4.6
Fighting       | 1 2 3 |  3.6
Conjurations   | 2 3 4 6 7 |  7.4
Spellcasting   | 3 4 5 7 8 10 | 10.6
Staves         | 1 2 3 4 5 6 |  6.3
Air Magic      | 4 5 7 9 10 | 10.5
Maces & Flails | |  0.8
Shields        | |  0.3
Evocations     | |  0.4

Action                   |  1- 3 |  4- 6 |  7- 9 | 10-12 || total
-------------------------+-------+-------+-------+-------++-------
Melee: Unarmed           |    20 |       |       |       ||    20
       Tailslap          |     4 |     3 |     2 |     7 ||    16
       Whip              |    16 |       |       |       ||    16
       Quarterstaff      |       |    25 |    30 |    32 ||    87
Throw: Boomerang         |       |       |       |     2 ||     2
 Cast: Shock             |    62 |    75 |    31 |    39 ||   207
       Static Discharge  |     1 |    13 |    46 |    72 ||   132
       Swiftness         |     1 |     2 |     4 |     4 ||    11
       Airstrike         |       |       |     3 |    76 ||    79
       Lightning Bolt    |       |       |       |    13 ||    13
 Abil: Breathe Acid      |       |       |    27 |    26 ||    53
Evoke: Lightning rod     |       |       |     3 |     1 ||     4
  Use: Scroll            |       |    13 |     4 |     9 ||    26
       Potion            |       |     6 |     1 |     3 ||    10
 Stab: Sleeping          |     2 |       |     3 |     2 ||     7
Armor: Skin              |    21 |    17 |    26 |    46 ||   110
Dodge: Dodged            |    46 |    30 |    45 |    95 ||   216
Block: Other             |       |       |       |    16 ||    16
       Reflection        |       |       |       |     2 ||     2
